 Dungeon Crawl Stone Soup version 0.26-a0-572-g753d7e3450 (webtiles) character file.

Game seed: 18408343646570962073

1477 ANON1729 the Vexing (level 8, -4/80 HPs)
             Began as an Ogre Arcane Marksman on Aug 21, 2020.
             Slain by Pikel
             ... wielding a +2 whip of electrocution
              (19 damage)
             ... on level 7 of the Dungeon.
             The game lasted 00:38:33 (14292 turns).

ANON1729 the Vexing (Ogre Arcane Marksman)         Turns: 14292, Time: 00:38:34

Health: -4/80      AC:  7    Str: 19    XL:     8   Next: 79%
Magic:  10/14      EV: 11    Int: 17    God:
Gold:   25         SH:  0    Dex:  9    Spells: 2/15 levels left

rFire    + . .     SeeInvis .   y - +5 trident of the Toadstool {flame, Str+3 Int+2}
rCold    . . .     Faith    .   (no shield)
rNeg     . . .     Spirit   .   o - +2 robe {rF+}
rPois    +         Reflect  .   x - +1 hat
rElec    .         Harm     .   t - +0 cloak {rPois}
rCorr    .                      (gloves unavailable)
MR       .....                  (boots unavailable)
Stlth    +.........             (no amulet)
HPRegen  0.23/turn              (no ring)
MPRegen  0.14/turn              (no ring)

@: studying Maces & Flails
A: large, unfitting armour, tough skin 1
a: no special abilities


You were on level 7 of the Dungeon.
You visited 2 branches of the dungeon, and saw 8 of its levels.

You collected 456 gold pieces.
You spent 431 gold pieces at shops.

Inventory:

Hand Weapons
 w - a +0 short sword of protection
 y - the +5 trident of the Toadstool (weapon) {flame, Str+3 Int+2}
   (You found it on level 7 of the Dungeon)

   It has been specially enchanted to burn those struck by it, causing extra
   injury to most foes and up to half again as much damage against particularly
   susceptible opponents.
   It affects your strength (+3).
   It affects your intelligence (+2).
Missiles
 d - 2 silver boomerangs (quivered)
 f - 108 stones
 v - 5 boomerangs
Armour
 o - a +2 robe of fire resistance (worn)
 t - a +0 cloak of poison resistance (worn)
 x - a +1 hat (worn)
Jewellery
 n - an uncursed ring of fire
Wands
 a - a wand of polymorph (5)
Scrolls
 b - 3 scrolls of blinking {unknown}
 e - 3 scrolls of remove curse
 h - 2 scrolls of random uselessness {unknown}
 i - a scroll of fog {unknown}
 j - 2 scrolls of amnesia {unknown}
 k - 2 scrolls of enchant weapon {unknown}
 l - 2 scrolls of teleportation
 m - 3 scrolls of identify {unknown}
 s - 2 scrolls of enchant armour {unknown}
Potions
 p - a potion of heal wounds
 r - a potion of flight
 u - a potion of brilliance {unknown}
Books
 q - a manual of Maces & Flails


   Skills:
 + Level 5.2 Fighting
 + Level 1.4 Maces & Flails
 + Level 4.3 Throwing
 + Level 4.0 Dodging
 + Level 4.3 Spellcasting
 * Level 5.4 Hexes
 + Level 2.6 Translocations
 + Level 2.7 Fire Magic


You had 2 spell levels left.
You knew the following spells:

 Your Spells              Type           Power        Failure   Level
a - Corona                Hex            ###....      1%          1
b - Slow                  Hex            ###.....     2%          2
c - Portal Projectile     Hex/Tloc       ###...       9%          3
d - Inner Flame           Hex/Fire       ###.....     9%          3
e - Cause Fear            Hex            ###.......   17%         4

Your spell library contained the following spells:

 Spells                   Type           Power        Failure   Level
 Leda's Liquefaction      Hex/Erth       ##........   45%         4


Dungeon Overview and Level Annotations

Branches:
Dungeon (7/15)             Temple (1/1) D:7

Altars:
Ashenzari
Cheibriados
Dithmenos
Elyvilon
Fedhas
Gozag
Hepliaklqana
Kikubaaqudgha
Makhleb
Nemelex Xobeh
Okawaru
Qazlal
Ru
Sif Muna
Trog
Uskayaw
Vehumet
Wu Jian
Xom
Yredelemnul
Zin

Shops:
D:4 [   D:6 [}*

Annotations:
D:4 hemabe71's ghost, amateur HuAr
D:5 2 transporters
D:7 Pikel


Innate Abilities, Weirdness & Mutations

You are too large for most types of armour.
You have tough skin. (AC +1)


Message History

Aiming: Slow (safe; 2% risk of failure)
Press: ? - help, Shift-Dir - straight line, f - Pikel
Aim: Pikel, wielding a +2 whip of electrocution and wearing a +0 robe (heavily wounded, chance to defeat MR: 62%) Pikel resists with significant effort.
Pikel barely misses you.
Casting: Slow (safe; 2% risk of failure)
Confirm with . or Enter, or press ? or * to list all spells.
Aiming: Slow (safe; 2% risk of failure)
Press: ? - help, Shift-Dir - straight line, f/p - Pikel
Aim: Pikel, wielding a +2 whip of electrocution and wearing a +0 robe (heavily wounded, chance to defeat MR: 62%) Pikel seems to slow down.
You completely miss Pikel.
Pikel is heavily wounded.
Pikel hits you but does no damage.
You are electrocuted!
* * * LOW HITPOINT WARNING * * *
You puncture Pikel! You burn Pikel.
Pikel is almost dead.
Pikel hits you with a +2 whip of electrocution!
* * * LOW HITPOINT WARNING * * *
You are electrocuted!!
You die...

................#
######.####.###.#
#.# #.# #.# #.#
### #.# #.# #.#
######.# #.#
.......# #.#
########
######.###5####
#......@K5{....
######.###.####
#.. ###


You could see Pikel (slow) and 2 lemures.

Vanquished Creatures
  3 ice beasts
  2 sky beasts
  A centaur (D:7)
  2 lemures (D:7)
  A bullfrog (D:7)
  A gnoll sergeant (D:5)
  A scorpion (D:5)
  A gnoll shaman (D:5)
  4 orc priests
  2 centaur skeletons
  2 hounds
  An iguana (D:4)
  3 worker ants
  3 orc wizards
  A hound zombie (D:5)
  A hound skeleton (D:6)
  A howler monkey zombie (D:5)
  4 gnolls (D:5)
  A howler monkey skeleton (D:5)
  14 adders
  A white imp (D:5)
  An ufetubus (D:4)
  3 oozes
  4 worms
  2 dart slugs
  2 leopard geckos
  11 orcs
  3 bats
  4 giant cockroaches
  6 goblins
  6 hobgoblins
  4 jackals (D:2)
  4 quokkas
  6 frilled lizards
  10 kobolds
  5 rats
121 creatures vanquished.

Vanquished Creatures (others)
  6 plants (D:5)
6 creatures vanquished.

Grand Total: 127 creatures vanquished

Notes
Turn   | Place    | Note
-------+----------+-------------------------------------------
     0 | D:1      | ANON1729 the Ogre Arcane Marksman began the quest for the
                  | Orb.
     0 | D:1      | Reached XP level 1. HP: 19/19 MP: 2/2
   399 | D:1      | Reached XP level 2. HP: 19/28 MP: 4/4
  1088 | D:2      | Found a burning altar of Makhleb.
  1108 | D:2      | Reached XP level 3. HP: 16/35 MP: 1/5
  1173 | D:2      | Found a hide-covered altar of Uskayaw.
  1806 | D:2      | Found a glowing silver altar of Zin.
  2397 | D:2      | Reached XP level 4. HP: 21/44 MP: 7/7
  2682 | D:2      | Found an iron altar of Okawaru.
  3749 | D:3      | Found a white marble altar of Elyvilon.
  4656 | D:3      | Reached XP level 5. HP: 40/52 MP: 8/8
  5053 | D:4      | HP: 1/53 [centaur skeleton (6)]
  5058 | D:4      | HP: 1/53 [centaur skeleton (2)]
  5246 | D:4      | Learned a level 2 spell: Slow
  5250 | D:4      | Learned a level 3 spell: Portal Projectile
  5254 | D:4      | Learned a level 3 spell: Inner Flame
  5494 | D:4      | Reached XP level 6. HP: 61/61 MP: 8/10
  6243 | D:4      | Found Saumpy's Armour Boutique.
  6255 | D:4      | Bought a +0 cloak of poison resistance for 110 gold pieces
  6480 | D:5      | Entered Level 5 of the Dungeon
  6480 | D:5      | Noticed an ice beast
  6505 | D:4      | Killed an ice beast
  7053 | D:5      | Reached skill level 1 in Translocations
  7053 | D:5      | Reached skill level 1 in Fire Magic
  7234 | D:5      | Found a transporter.
  7445 | D:5      | Noticed a sky beast
  7745 | D:4      | Killed a sky beast
  7745 | D:4      | Reached XP level 7. HP: 63/68 MP: 11/11
  8451 | D:5      | Found an opulent altar of Gozag.
  8792 | D:5      | Noticed hemabe71's ghost (amateur HuAr)
  9512 | D:5      | Identified the amulet of Bomac {Reflect rF+ SH+5 Stlth+}
  9534 | D:5      | Identified the +6 spear of the Lesser Evil {venom, Fragile
                  | rC+++ Int+7}
  9602 | D:5      | Found a transporter.
  9931 | D:5      | Found a transporter.
  9933 | D:5      | Noticed a cyclops
  9935 | D:5      | Found a shimmering blue altar of Sif Muna.
  9948 | D:5      | Found a basalt altar of Yredelemnul.
  9964 | D:5      | Found a transporter.
 10129 | D:5      | Reached XP level 8. HP: 65/79 MP: 6/13
 10692 | D:5      | Learned a level 4 spell: Cause Fear
 11021 | D:6      | Found Ehanum's Assorted Antiques.
 11025 | D:6      | Bought a scroll labeled RINELO ALLO for 32 gold pieces
 11025 | D:6      | Bought a scroll labeled JENILL LUBLOPP for 32 gold pieces
 11025 | D:6      | Bought a fizzy ruby potion for 28 gold pieces
 11025 | D:6      | Bought a scroll labeled XERY ASTAUGH for 32 gold pieces
 11025 | D:6      | Bought a wand of random effects (16) for 32 gold pieces
 11025 | D:6      | Bought a wand of random effects (17) for 32 gold pieces
 11032 | D:6      | Found a radiant altar of Vehumet.
 11284 | D:6      | Found a bloodstained altar of Trog.
 11524 | D:6      | Found Vucurr's Antique Armour Shop.
 11644 | D:6      | Found Ukoapnue's Gadget Shop.
 11801 | D:6      | Bought a runed hat for 133 gold pieces
 11956 | D:5      | Reached skill level 5 in Hexes
 12845 | D:5      | HP: 1/79 [gnoll sergeant/+0 spear (12)]
 13241 | D:7      | Reached skill level 5 in Fighting
 13306 | D:7      | Reached skill level 1 in Maces & Flails
 13377 | D:7      | Found a staircase to the Ecumenical Temple.
 13408 | Temple   | Entered the Ecumenical Temple
 13533 | D:7      | Found a sparkling altar of Nemelex Xobeh.
 13533 | D:7      | Found a blossoming altar of Fedhas.
 13576 | D:7      | Noticed a vampire
 14227 | D:7      | Got an ichor-stained trident
 14228 | D:7      | Identified the +5 trident of the Toadstool {flame, Str+3
                  | Int+2} (You found it on level 7 of the Dungeon)
 14274 | D:7      | Noticed Pikel
 14292 | D:7      | Slain by Pikel

Illustrated notes

Levels and vault maps discovered:
D:1:      heliophobic_arrival_henge, layout_loops_ring, corexii_hall_statues_x
D:2:      layout_basic, okawaru_altar_gauntlet_db, grunt_temple_overflow_open
D:3:      layout_basic, elyvilon_altar_5
D:4:      layout_loops_ring, serial_shops, nicolae_shop_statue_plus
D:5:      layout_rooms, nicolae_gozag_seed_capital,
          gammafunk_temple_overflow_arena, gammafunk_ghost_gnarly_gnolls
D:6:      layout_basic, old_standard_altar, lemuel_round_altar, serial_shops,
          shop_statue, kennysheep_little_box, kennysheep_mini
D:7:      layout_basic, gammafunk_temple_overflow_elements,
          minmay_temple_entry_overgrown, uniq_pikel, uniq_crazy_yiuf_cottage
Temple:   eino_temple_lava

Skill      XL: |  1  2  3  4  5  6  7  8 |
---------------+-------------------------+-----
Dodging        | 2 3 4 |  4.0
Fighting       | 2 3 4 5 |  5.2
Hexes          | 3 4 5 |  5.4
Spellcasting   | 2 3 4 |  4.3
Throwing       | 3 4 |  4.3
Translocations | 1 2 |  2.6
Fire Magic     | 1 2 |  2.7
Maces & Flails | 1 |  1.4

Action                   |  1- 3 |  4- 6 |  7- 9 || total
-------------------------+-------+-------+-------++-------
Melee: Unarmed           |   144 |   147 |     2 ||   293
       Dagger            |       |       |   226 ||   226
       Short sword       |       |       |   202 ||   202
       Trident           |       |       |    22 ||    22
Throw: Boomerang         |    49 |       |     2 ||    51
       Large rock        |    19 |    23 |     4 ||    46
       Throwing net      |     5 |       |       ||     5
       Stone             |       |   251 |    94 ||   345
       Dart              |       |     5 |    27 ||    32
 Cast: Corona            |     5 |    38 |    38 ||    81
       Slow              |       |    21 |    59 ||    80
       Inner Flame       |       |       |     2 ||     2
       Portal Projectile |       |       |     1 ||     1
       Cause Fear        |       |       |     1 ||     1
Evoke: Wand              |       |       |    51 ||    51
  Use: Potion            |     1 |     9 |     3 ||    13
       Scroll            |       |     4 |     1 ||     5
 Stab: Invisible         |       |       |     1 ||     1
Armor: Robe              |    52 |    74 |   201 ||   327
       Skin              |       |    14 |       ||    14
Dodge: Dodged            |   107 |   190 |   320 ||   617

Table legend: (Time is in decaauts)
 A = Elapsed time spent in this place.
 B = Non-inter-level travel time spent in this place.
 C = Inter-level travel time spent in this place.
 D = Time resting spent in this place.
 E = Time spent auto-exploring this place.
 F = Levels seen in this place.
 G = Mean time per level.
                   A        B        C        D        E       F      G
               +--------+--------+--------+--------+--------+-----+--------+
         Total |  14333 |  13613 |    720 |   7034 |   3841 |   8 | 1791.6 |
       Dungeon |  14262 |  13549 |    713 |   7034 |   3777 |   7 | 2037.4 |
        Temple |     71 |     64 |      7 |      0 |     64 |   1 |   71.0 |
               +--------+--------+--------+--------+--------+-----+--------+

Top non-repeatable levels by time:
     D:4: 3953 daAuts
     D:5: 3050 daAuts
     D:2: 2605 daAuts
     D:3: 1483 daAuts
     D:6: 1320 daAuts
     D:1: 1072 daAuts
     D:7: 775 daAuts
  Temple: 71 daAuts
